AoeStats
← Covid19

Arabia

504710195Analyzed
1v1 RM · 27d ago on Sep 6, 2026· 20m 57s· 2 players
Game mode
Random Map
Map size
Tiny (2 player)
Population
200
Speed
Normal
Resources
Standard
Victory
Conquest
Starting age
Dark Age
Ending age
Imperial Age
RankedLock teamsTeams togetherTeam positionsShared explorationLock speedFull tech treeHidden civsTurbo modeCheats
Victory
Defeat
🇫🇷 Vietnamese · France
1258
+13
🇩🇪 Magyars · Germany
1191
-13
Naoeh
7:18 Loom
9:49 Feudal Age
12:06 Double-Bit Axe
15:03 Fletching
20:32 Castle Age
19:00 Horse Collar
20:33 Bloodlines
20:29 Scale Barding Armor
Covid19
7:27 Loom
10:35 Feudal Age
15:18 Double-Bit Axe
Connection lost

Rejoining the realm…

Still unreachable

The connection could not be restored.

Session expired

The server has moved on; the page needs a fresh start.